SNL (28 & UNDER)
MONTGOMERY BISCUITS @ BEAUMONT ROUGHNECKS
09/01/2030
 
TOP OF THE 1ST
Montgomery Biscuits batting - Pitching for Beaumont Roughnecks : RHP Stan Roberts
Pitching: RHP Stan Roberts
Batting: RHB Dave Sawyer 0-0: Ball
1-0: Ground out 5-3 (Groundball, 5)
Batting: SHB Lawrence Farley 0-0: Ball
1-0: Swinging Strike
1-1: Foul Ball, location: 2F
1-2: Ball
2-2: Foul Ball, location: 2F
2-2: Ball
3-2: Foul Ball, location: 2F
3-2: Foul Ball, location: 2F
3-2: Ground out 6-3 (Groundball, 6S)
Batting: LHB Ron Young 0-0: TRIPLE (Line Drive, 8LXD)
Batting: LHB Francisco Romo 0-0: Ball
1-0: Ball
2-0: Called Strike
2-1: Ground out 4-3 (Groundball, 4M)
Top of the 1st over - 0 runs, 1 hit, 0 errors, 1 left on base; Montgomery 0 - Beaumont 0
BOTTOM OF THE 1ST
Beaumont Roughnecks batting - Pitching for Montgomery Biscuits : RHP Guillermo Duarte
Pitching: RHP Guillermo Duarte
Batting: RHB Jeff Vickers 0-0: Called Strike
0-1: Ball
1-1: Foul Ball, location: 2F
1-2: Ball
2-2: Ball
3-2: Foul Ball, location: 2F
3-2: Ground out 3-1 (Groundball, 34)
Batting: RHB Cole Boehmer 0-0: Ball
1-0: Ball
2-0: Ball
3-0: Base on Balls
Batting: LHB Corey MacGregor 0-0: Called Strike
0-1: Called Strike
0-2: Ball
1-2: Ball
2-2: Fly out, F5 (Popup, 5L)
Batting: LHB John Fitzgerald 0-0: Ball
1-0: Ball
2-0: Called Strike
2-1: Ball
3-1: Foul Ball, location: 2F
3-2: SINGLE (Groundball, 34S) (infield hit)
Cole Boehmer to second
Batting: RHB Jim MacAchounich 0-0: Ground out 1-3 (Groundball, 15S)
Bottom of the 1st over - 0 runs, 1 hit, 0 errors, 2 left on base; Montgomery 0 - Beaumont 0
TOP OF THE 2ND
Montgomery Biscuits batting - Pitching for Beaumont Roughnecks : RHP Stan Roberts
Batting: RHB Marvin Kidd 0-0: Ball
1-0: Ball
2-0: Ball
3-0: Called Strike
3-1: Called Strike
3-2: Base on Balls
Batting: LHB José Castillo 0-0: Fly out, F8 (Flyball, 89M)
Batting: RHB Dave McGuire 0-0: Ball
1-0: Ball
Marvin Kidd steals 2nd base
2-0: Foul Ball, location: 2F
2-1: Ball
3-1: Fly out, F7 (Flyball, 78XD)
Runner from 2nd tags up, SAFE at 3rd, no throw
Batting: RHB Roy Powell 0-0: Ball
1-0: Called Strike
1-1: Foul Ball, location: 2F
1-2: Strikes out swinging
Top of the 2nd over - 0 runs, 0 hits, 0 errors, 1 left on base; Montgomery 0 - Beaumont 0
BOTTOM OF THE 2ND
Beaumont Roughnecks batting - Pitching for Montgomery Biscuits : RHP Guillermo Duarte
Batting: SHB Richie Gallegos 0-0: Ball
1-0: Ball
2-0: Foul Ball, location: 2F
2-1: SOLO HOME RUN (Flyball, 9LD), Distance : 347 ft
Batting: RHB António Rodríguez 0-0: Fly out, F7 (Line Drive, 7S)
Batting: SHB Miguel Hurtado 0-0: Foul Ball, location: 2F
0-1: SINGLE (Groundball, 6D)
Batting: LHB Roberto Félix 0-0: Fly out, F9 (Flyball, 89S)
Batting: RHB Jeff Vickers 0-0: Called Strike
0-1: Called Strike
0-2: Ball
1-2: DOUBLE (Line Drive, 7LM)
Miguel Hurtado to third
Runner from 3rd tries for Home, SAFE, no throw
Batting: RHB Cole Boehmer 0-0: Ball
1-0: Called Strike
1-1: Swinging Strike
1-2: SINGLE (Popup, 13S)
Jeff Vickers to third
Runner from 3rd tries for Home, SAFE, no throw
Batting: LHB Corey MacGregor 0-0: Ball
1-0: Foul Ball, location: 2F
1-1: Called Strike
1-2: Ball
2-2: Strikes out swinging
Bottom of the 2nd over - 3 runs, 4 hits, 0 errors, 1 left on base; Montgomery 0 - Beaumont 3
TOP OF THE 3RD
Montgomery Biscuits batting - Pitching for Beaumont Roughnecks : RHP Stan Roberts
Batting: RHB Greg Williams 0-0: Foul Ball, location: 2F
0-1: Swinging Strike
0-2: Ball
1-2: Ball
2-2: Foul Ball, location: 2F
2-2: Strikes out swinging
Batting: RHB Dave Sawyer 0-0: Called Strike
0-1: Ball
1-1: Ball
2-1: Called Strike
2-2: Foul Ball, location: 2F
2-2: Foul Ball, location: 2F
2-2: Foul Ball, location: 2F
2-2: Ground out 5-3 (Groundball, 5)
Batting: SHB Lawrence Farley 0-0: Ball
1-0: Ball
2-0: Ball
3-0: Called Strike
3-1: Fly out, F6 (Popup, 6M)
Top of the 3rd over - 0 runs, 0 hits, 0 errors, 0 left on base; Montgomery 0 - Beaumont 3
BOTTOM OF THE 3RD
Beaumont Roughnecks batting - Pitching for Montgomery Biscuits : RHP Guillermo Duarte
Batting: LHB John Fitzgerald 0-0: Called Strike
0-1: Swinging Strike
0-2: Ball
1-2: Ball
2-2: Ball
3-2: Fly out, F7 (Flyball, 78D)
Batting: RHB Jim MacAchounich 0-0: Foul Ball, location: 2F
0-1: Ball
1-1: Ball
2-1: Foul Ball, location: 2F
2-2: Ball
3-2: Fly out, F8 (Flyball, 8RM)
Batting: SHB Richie Gallegos 0-0: Ball
1-0: Called Strike
1-1: Ball
2-1: Called Strike
2-2: Foul Ball, location: 2F
2-2: Foul Ball, location: 2F
2-2: Strikes out swinging
Bottom of the 3rd over - 0 runs, 0 hits, 0 errors, 0 left on base; Montgomery 0 - Beaumont 3
TOP OF THE 4TH
Montgomery Biscuits batting - Pitching for Beaumont Roughnecks : RHP Stan Roberts
Batting: LHB Ron Young 0-0: Ball
1-0: Fly out, F4 (Line Drive, 4)
Batting: LHB Francisco Romo 0-0: Ball
1-0: Ball
2-0: Ball
3-0: Called Strike
3-1: Foul Ball, location: 2F
3-2: Ground out 4-3 (Groundball, 4)
Batting: RHB Marvin Kidd 0-0: Hit by Pitch
Batting: LHB José Castillo 0-0: Ball
1-0: Ball
2-0: Fly out, F4 (Line Drive, 34)
Top of the 4th over - 0 runs, 0 hits, 0 errors, 1 left on base; Montgomery 0 - Beaumont 3
BOTTOM OF THE 4TH
Beaumont Roughnecks batting - Pitching for Montgomery Biscuits : RHP Guillermo Duarte
Batting: RHB António Rodríguez 0-0: Called Strike
0-1: Ground out 5-3 (Groundball, 25)
Batting: SHB Miguel Hurtado 0-0: DOUBLE (Line Drive, 9LD)
Batting: LHB Roberto Félix 0-0: Intentional Walk
Batting: RHB Jeff Vickers 0-0: Called Strike
0-1: Ball
1-1: Swinging Strike
1-2: Strikes out swinging
Batting: RHB Cole Boehmer 0-0: Ball
1-0: Swinging Strike
1-1: Foul Ball, location: 2F
1-2: Strikes out swinging
Bottom of the 4th over - 0 runs, 1 hit, 0 errors, 2 left on base; Montgomery 0 - Beaumont 3
TOP OF THE 5TH
Montgomery Biscuits batting - Pitching for Beaumont Roughnecks : RHP Stan Roberts
Batting: RHB Dave McGuire 0-0: Ball
1-0: Ball
2-0: Ground out 3-1 (Groundball, 34)
Batting: RHB Roy Powell 0-0: Ball
1-0: Called Strike
1-1: Foul Ball, location: 2F
1-2: Foul Ball, location: 2F
1-2: Strikes out swinging
Batting: RHB Greg Williams 0-0: Called Strike
0-1: Ball
1-1: Fly out, F8 (Flyball, 89D)
Top of the 5th over - 0 runs, 0 hits, 0 errors, 0 left on base; Montgomery 0 - Beaumont 3
BOTTOM OF THE 5TH
Beaumont Roughnecks batting - Pitching for Montgomery Biscuits : RHP Guillermo Duarte
Batting: LHB Corey MacGregor 0-0: TRIPLE (Line Drive, 9LD)
Batting: LHB John Fitzgerald 0-0: Intentional Walk
Batting: RHB Jim MacAchounich 0-0: SINGLE (Line Drive, 8LS)
Corey MacGregor scores
John Fitzgerald to second
Pitching: LHP Juan Reyes
Batting: SHB Richie Gallegos 0-0: Called Strike
0-1: Foul Ball, location: 2F
0-2: Strikes out looking
Batting: RHB António Rodríguez 0-0: Called Strike
0-1: Ball
1-1: Ball
2-1: Ball
3-1: Swinging Strike
3-2: Strikes out swinging
Batting: SHB Miguel Hurtado 0-0: Ball
1-0: SINGLE (Groundball, 6MD)
John Fitzgerald to third
Jim MacAchounich to second
Runner from 3rd tries for Home, SAFE, no throw
Batting: LHB Roberto Félix 0-0: Ball
1-0: Ball
2-0: Swinging Strike
2-1: Called Strike
2-2: Strikes out swinging
Bottom of the 5th over - 2 runs, 3 hits, 0 errors, 2 left on base; Montgomery 0 - Beaumont 5
TOP OF THE 6TH
Montgomery Biscuits batting - Pitching for Beaumont Roughnecks : RHP Stan Roberts
Batting: RHB Dave Sawyer 0-0: Called Strike
0-1: Called Strike
0-2: Foul Ball, location: 2F
0-2: Ball
1-2: Ground out 5-3 (Groundball, 5L)
Batting: SHB Lawrence Farley 0-0: Ball
1-0: Called Strike
1-1: Swinging Strike
1-2: Ball
2-2: DOUBLE (Line Drive, 78D)
Batting: LHB Ron Young 0-0: Ball
1-0: Fly out, F8 (Flyball, 8LM)
Batting: LHB Francisco Romo 0-0: Ball
1-0: Called Strike
1-1: Foul Ball, location: 2F
1-2: Strikes out swinging
Top of the 6th over - 0 runs, 1 hit, 0 errors, 1 left on base; Montgomery 0 - Beaumont 5
BOTTOM OF THE 6TH
Beaumont Roughnecks batting - Pitching for Montgomery Biscuits : LHP Juan Reyes
Batting: RHB Jeff Vickers 0-0: Ball
1-0: Fly out, F7 (Flyball, 7LM)
Batting: RHB Cole Boehmer 0-0: Foul Ball, location: 2F
0-1: Swinging Strike
0-2: Ground out 6-3 (Groundball, 6M)
Batting: LHB Corey MacGregor 0-0: Called Strike
0-1: Foul Ball, location: 2F
0-2: SOLO HOME RUN (Flyball, 89XD), Distance : 400 ft
Batting: LHB John Fitzgerald 0-0: Ball
1-0: Fly out, F8 (Flyball, 8LS)
Bottom of the 6th over - 1 run, 1 hit, 0 errors, 0 left on base; Montgomery 0 - Beaumont 6
TOP OF THE 7TH
Montgomery Biscuits batting - Pitching for Beaumont Roughnecks : RHP Stan Roberts
Batting: RHB Marvin Kidd 0-0: Called Strike
0-1: Ball
1-1: Foul Ball, location: 2F
1-2: Ball
2-2: Ball
3-2: Base on Balls
Pitching: RHP Carlos Longoria
Batting: LHB José Castillo 0-0: Ball
Marvin Kidd steals 2nd base
1-0: Ground out 4-3 (Groundball, 34)
Marvin Kidd to third
Batting: RHB Dave McGuire 0-0: Ball
1-0: Swinging Strike
1-1: Ball
2-1: Ball
3-1: Ground out 6-3 (Groundball, 6)
Marvin Kidd scores
Batting: RHB Roy Powell 0-0: Ball
1-0: Ball
2-0: Called Strike
2-1: Ball
3-1: Ground out 5-3 (Groundball, 5)
Top of the 7th over - 1 run, 0 hits, 0 errors, 0 left on base; Montgomery 1 - Beaumont 6
BOTTOM OF THE 7TH
Beaumont Roughnecks batting - Pitching for Montgomery Biscuits : LHP Juan Reyes
Batting: RHB Jim MacAchounich 0-0: Ball
1-0: Swinging Strike
1-1: Swinging Strike
1-2: Foul Ball, location: 2F
1-2: Strikes out looking
Batting: SHB Richie Gallegos 0-0: Called Strike
0-1: Ball
1-1: Ground out 6-3 (Groundball, 6)
Batting: RHB António Rodríguez 0-0: Fly out, F8 (Flyball, 8RD)
Bottom of the 7th over - 0 runs, 0 hits, 0 errors, 0 left on base; Montgomery 1 - Beaumont 6
TOP OF THE 8TH
Montgomery Biscuits batting - Pitching for Beaumont Roughnecks : RHP Carlos Longoria
Batting: RHB Greg Williams 0-0: Ball
1-0: Ball
2-0: Called Strike
2-1: Swinging Strike
2-2: Foul Ball, location: 2F
2-2: Foul Ball, location: 2F
2-2: Ball
3-2: Strikes out swinging
Batting: RHB Dave Sawyer 0-0: Foul Ball, location: 2F
0-1: Ball
1-1: Swinging Strike
1-2: Foul Ball, location: 2F
1-2: Strikes out looking
Batting: SHB Lawrence Farley 0-0: Swinging Strike
0-1: Ball
1-1: Foul Ball, location: 2F
1-2: Ball
2-2: Foul Ball, location: 2F
2-2: Foul Ball, location: 2F
2-2: Fly out, F7 (Line Drive, 78D)
Top of the 8th over - 0 runs, 0 hits, 0 errors, 0 left on base; Montgomery 1 - Beaumont 6
BOTTOM OF THE 8TH
Beaumont Roughnecks batting - Pitching for Montgomery Biscuits : LHP Juan Reyes
Pitching: RHP Ron Simmons
Batting: SHB Miguel Hurtado 0-0: Ball
1-0: Ball
2-0: Ball
3-0: Called Strike
3-1: Base on Balls
Batting: LHB Roberto Félix 0-0: Fly out, F8 (Line Drive, 8RD)
Batting: RHB Jeff Vickers 0-0: Called Strike
0-1: Ball
1-1: Ball
2-1: SINGLE (Groundball, 56D)
Miguel Hurtado to second
Batting: RHB Cole Boehmer 0-0: Ball
1-0: Ball
2-0: Ball
3-0: Base on Balls
Miguel Hurtado to third
Jeff Vickers to second
Batting: LHB Corey MacGregor 0-0: Grounds into fielders choice 4-2 (Groundball, 4MS)
Jeff Vickers to third
Cole Boehmer to second
Batting: LHB John Fitzgerald 0-0: Ball
1-0: SINGLE (Line Drive, 56)
Jeff Vickers scores
Cole Boehmer to third
Corey MacGregor to second
Batting: RHB Jim MacAchounich 0-0: Fly out, F9 (Flyball, 9LM)
Bottom of the 8th over - 1 run, 2 hits, 0 errors, 3 left on base; Montgomery 1 - Beaumont 7
TOP OF THE 9TH
Montgomery Biscuits batting - Pitching for Beaumont Roughnecks : RHP Carlos Longoria
Batting: LHB Ron Young 0-0: Ball
1-0: Swinging Strike
1-1: Ball
2-1: Ball
3-1: Base on Balls
Batting: LHB Francisco Romo 0-0: Ball
1-0: Grounds into double play, 6-4-3 (Groundball, 56)
Batting: RHB Marvin Kidd 0-0: Ground out 6-3 (Groundball, 6)
Top of the 9th over - 0 runs, 0 hits, 0 errors, 0 left on base; Montgomery 1 - Beaumont 7
Saturday, April 7th, 2018 - OOTP Baseball 18.8 Build 76